 Dungeon Crawl Stone Soup version 0.30-a0-800-g7c544603b3 (webtiles) character file.

Game seed: 18085173853318874401

3935 retardedninja the Blocker (level 10, 0/82 HPs)
             Began as a Gnoll Fighter on Feb 22, 2023.
             Was an Initiate of Gozag.
             Slain by a shadow (16 damage)
             ... on level 9 of the Dungeon.
             The game lasted 00:14:19 (9367 turns).

retardedninja the Blocker (Gnoll Fighter)           Turns: 9367, Time: 00:14:19

Health: 0/82       AC: 12    Str: 20    XL:     10   Next: 21%
Magic:  17/17      EV:  8    Int:  8    God:    Gozag
Gold:   808        SH: 16    Dex: 11    Spells: 19/19 levels left

rFire   . . .      SeeInvis .    o - +3 broad axe (vamp)
rCold   . . .      Faith    .    E - +1 kite shield
rNeg    . . .      Spirit   .    D - +0 chain mail
rPois   .          Reflect  +    i - +0 helmet
rElec   .          Harm     .    (no cloak)
rCorr   .          Rampage  .    (no gloves)
Will    .....                    (no boots) Stlth
                                 q - amulet of reflection
HPRegen 0.33/turn                G - +4 ring of slaying
MPRegen 0.15/turn                (no ring)

@: no status effects
A: fangs 1, strong nose, distributed training
a: Renounce Religion, Potion Petition, Call Merchant, Bribe Branch


You were on level 9 of the Dungeon.
You worshipped Gozag.
Gozag was pleased with you.
You visited 2 branches of the dungeon, and saw 10 of its levels.
You also visited: Sewer.

You collected 867 gold pieces.
You paid 59 gold pieces to Gozag.

Inventory:

Hand Weapons
 a - a +0 war axe
 o - a +3 vampiric broad axe (weapon)
Armour
 i - a +0 helmet (worn)
 D - a +0 chain mail (worn)
 E - a +1 kite shield (worn)
Jewellery
 q - an amulet of reflection (around neck)
 G - a +4 ring of slaying (left hand)
Wands
 c - a wand of flame (15)
 f - a wand of mindburst (7)
 F - a wand of light (4)
Scrolls
 d - 3 scrolls of fear
 l - 2 scrolls of noise
 m - 2 scrolls of teleportation
 p - 2 scrolls of magic mapping
 t - a scroll of enchant armour
 v - 3 scrolls of fog
 x - a scroll of silence
Potions
 b - a potion of haste
 e - 2 potions of flight
 j - 3 potions of lignification
 k - 4 potions of attraction
 r - a potion of magic
 s - a potion of mutation
 w - 2 potions of heal wounds
 z - a potion of brilliance


   Skills:
 + Level 8.5 Fighting
 + Level 5.2 Short Blades
 + Level 5.2 Long Blades
 + Level 7.0 Axes
 + Level 5.2 Maces & Flails
 + Level 5.2 Polearms
 + Level 5.2 Staves
 + Level 5.2 Ranged Weapons
 + Level 5.2 Throwing
 + Level 8.5 Armour
 + Level 5.2 Dodging
 + Level 5.2 Stealth
 + Level 8.5 Shields
 + Level 5.2 Unarmed Combat
 + Level 5.2 Spellcasting
 + Level 4.3 Conjurations
 + Level 4.3 Hexes
 + Level 4.3 Summonings
 + Level 4.3 Necromancy
 + Level 4.3 Translocations
 + Level 4.3 Transmutations
 + Level 4.3 Fire Magic
 + Level 4.3 Ice Magic
 + Level 4.3 Air Magic
 + Level 4.3 Earth Magic
 + Level 4.3 Poison Magic
 + Level 5.7 Invocations
 + Level 5.2 Evocations


You had 19 spell levels left.
You didn't know any spells.
Your spell library contained the following spells:

 Spells                   Type           Power      Damage    Failure   Level
 Sandblast                Erth           18%        2d7       63%         1
 Ensorcelled Hibernation  Hex/Ice        18%        N/A       77%         2
 Passwall                 Tmut/Erth      7%         N/A       77%         2
 Gell's Gravitas          Tloc           9%         N/A       94%         3
 Hailstorm                Conj/Ice       9%         3d4       94%         3
 Portal Projectile        Hex/Tloc       18%        N/A       94%         3
 Stone Arrow              Conj/Erth      18%        3d8       94%         3
 Swiftness                Air            9%         N/A       94%         3
 Teleport Other           Tloc           9%         N/A       94%         3
 Tukima's Dance           Hex            9%         N/A       94%         3
 Ice Form                 Ice/Tmut       9%         N/A       100%        4
 Blade Hands              Tmut           4%         N/A       100%        5
 Dispersal                Tloc           4%         N/A       100%        6
 Simulacrum               Ice/Necr       Unusable   N/A       N/A         6

Dungeon Overview and Level Annotations

Branches:
Dungeon (9/15)             Temple (1/1) D:5           Sewer (visited)
   Lair: D:8-11         Orc: D:9-12

Altars:
Ashenzari
Cheibriados
Dithmenos
Elyvilon
Fedhas
Gozag
Hepliaklqana
Kikubaaqudgha
Makhleb
Nemelex Xobeh
Okawaru
Qazlal
Ru
Sif Muna
Trog
Uskayaw
Wu Jian
Xom
Yredelemnul
Zin
The Shining One


Innate Abilities, Weirdness & Mutations

You have very sharp teeth.
Your uncanny sense of smell can sniff out nearby items.
Your experience applies equally to all skills.


Message History

The centaur shouts!
The kobold brigand is no longer distracted by gold.
A kobold comes into view. It is wielding a +0 club.
The troll shouts!
The kobold shouts! x2
The kobold shouts!
You flicker back into view.
The centaur shouts!
The troll attacks as you move away! The troll completely misses you.
The troll claws you. You block the troll's attack.
A shadow comes into view.
The centaur wields a +0 shortbow.
The centaur shoots an arrow.
You reflect the arrow off an invisible shield around you!
The arrow closely misses the centaur.
The troll attacks as you move away! You block the troll's attack. x2
The troll claws you. The troll attacks as you move away!
You block the troll's attack. The troll claws you.
You block the troll's attack. The troll attacks as you move away!
You block the troll's attack. x2
The troll barely misses you.
A howler monkey comes into view.
The howler monkey howls!
The centaur shoots an arrow.
The arrow hits you but does no damage.
A wight comes into view. It is wielding a +0 scimitar.
The shadow slips into darkness.
The shadow flickers and vanishes!
Deactivating autopickup; reactivate with Ctrl-A.
The centaur shoots an arrow.
The arrow hits you!
The howler monkey hoots and howls with incredible vigour!
You hear an angry hiss.
You hear a shout!
You hear a howl!
The troll attacks as you move away! The troll bites you!
* * * LOW HITPOINT WARNING * * *
You block the troll's attack. x2
A centaur comes into view.
The centaur shouts!
The centaur wields a +0 shortbow.
The centaur shoots an arrow.
You reflect the arrow off an invisible shield around you!
The arrow completely misses the centaur.
The shadow strikes at you from the darkness!
You die...
Your body crumbles into a pile of gold.

............................
............................
..........z...............^.
............................
...............c............
..............K.............
............................
..............KK..$.........
....c....h.@TK..............
............................
#####...####################
#...# #... #... #.


You could see a troll, a kobold brigand, 2 centaurs, a howler monkey (catching
breath), a wight and 3 kobolds.

Vanquished Creatures
  A two-headed ogre (D:9)
  Maggie (D:8)
  A steam dragon (D:8)
  Edmund (D:6)
  A sky beast (D:8)
  An ice beast (D:3)
  An orc warrior (D:7)
  2 ogres
  2 black bears
  2 centaurs
  5 kobold brigands
  A bullfrog (D:7)
  A necrophage (D:5)
  4 scorpions
  4 wights (D:8)
  8 killer bees
  4 howler monkeys
  4 hounds
  An orc priest (D:2)
  A jelly (D:6)
  3 iguanas
  5 orc wizards
  6 adders
  4 river rats (Sewer)
  2 shadow imps
  2 white imps
  5 worms
  3 dart slugs
  12 orcs
  5 endoplasms
  2 giant cockroaches
  6 goblins
  8 hobgoblins
  5 jackals
  25 kobolds
  4 quokkas
  4 ball pythons
  13 bats
  12 frilled lizards
  9 rats
181 creatures vanquished.

Vanquished Creatures (others)
  A kobold (D:8)
  12 plants (Sewer)
13 creatures vanquished.

Grand Total: 194 creatures vanquished

Notes
Turn   | Place    | Note
-------+----------+-------------------------------------------
     0 | D:1      | retardedninja the Gnoll Fighter began the quest for the
                  | Orb.
     0 | D:1      | Reached XP level 1. HP: 23/23 MP: 1/1
    82 | D:1      | Reached XP level 2. HP: 29/29 MP: 2/2
   304 | D:1      | Reached XP level 3. HP: 35/35 MP: 3/3
   762 | D:2      | Reached skill level 1 in Invocations
   904 | D:2      | Reached skill level 1 in Short Blades
   904 | D:2      | Reached skill level 1 in Long Blades
   904 | D:2      | Reached skill level 1 in Maces & Flails
   904 | D:2      | Reached skill level 1 in Polearms
   904 | D:2      | Reached skill level 1 in Staves
   904 | D:2      | Reached skill level 1 in Ranged Weapons
   904 | D:2      | Reached skill level 1 in Throwing
   904 | D:2      | Reached skill level 1 in Dodging
   904 | D:2      | Reached skill level 1 in Stealth
   904 | D:2      | Reached skill level 1 in Unarmed Combat
   904 | D:2      | Reached skill level 1 in Spellcasting
   904 | D:2      | Reached skill level 1 in Evocations
  1153 | D:2      | Reached XP level 4. HP: 41/41 MP: 5/5
  1533 | D:3      | Reached skill level 1 in Conjurations
  1533 | D:3      | Reached skill level 1 in Hexes
  1533 | D:3      | Reached skill level 1 in Summonings
  1533 | D:3      | Reached skill level 1 in Necromancy
  1533 | D:3      | Reached skill level 1 in Translocations
  1533 | D:3      | Reached skill level 1 in Transmutations
  1533 | D:3      | Reached skill level 1 in Fire Magic
  1533 | D:3      | Reached skill level 1 in Ice Magic
  1533 | D:3      | Reached skill level 1 in Air Magic
  1533 | D:3      | Reached skill level 1 in Earth Magic
  1533 | D:3      | Reached skill level 1 in Poison Magic
  1616 | D:2      | Reached XP level 5. HP: 15/47 MP: 7/7
  2050 | D:3      | Found a broken altar of Ashenzari.
  2070 | D:3      | Found a shadowy altar of Dithmenos.
  2158 | D:3      | Found a snail-covered altar of Cheibriados.
  2297 | D:3      | Found a faded altar of an unknown god.
  2511 | D:4      | Noticed an ice beast
  2651 | D:3      | Reached XP level 6. HP: 50/53 MP: 8/8
  2653 | D:3      | Killed an ice beast
  2654 | D:3      | Reached skill level 5 in Axes
  2754 | D:4      | Found a glowing drain.
  2807 | Sewer    | Entered a sewer
  3071 | Sewer    | Reached XP level 7. HP: 29/60 MP: 10/10
  4247 | D:4      | Found a stormy altar of Qazlal.
  4255 | D:4      | Found a blossoming altar of Fedhas.
  4638 | D:5      | Entered Level 5 of the Dungeon
  4862 | D:5      | Found a staircase to the Ecumenical Temple.
  5005 | Temple   | Entered the Ecumenical Temple
  5163 | Temple   | Became a worshipper of Gozag Ym Sagoz the Greedy
  5795 | D:6      | Noticed Edmund
  5847 | D:6      | Killed Edmund
  5848 | D:6      | Reached XP level 8. HP: 21/67 MP: 12/12
  6510 | D:6      | Identified the +5 mace of Saosoatu {freeze, rN+ MP-9 Int+2
                  | Dex+3}
  7398 | D:7      | Reached XP level 9. HP: 49/73 MP: 14/14
  8117 | D:8      | Noticed Maggie
  8141 | D:8      | Killed Maggie
  8584 | D:8      | Found a burning altar of Makhleb.
  8632 | D:8      | Reached skill level 5 in Invocations
  8806 | D:8      | Found a glowing golden altar of the Shining One.
  8806 | D:8      | Found a white marble altar of Elyvilon.
  8806 | D:8      | Found a glowing silver altar of Zin.
  9188 | D:8      | Reached skill level 5 in Short Blades
  9188 | D:8      | Reached skill level 5 in Long Blades
  9188 | D:8      | Reached skill level 5 in Maces & Flails
  9188 | D:8      | Reached skill level 5 in Polearms
  9188 | D:8      | Reached skill level 5 in Staves
  9188 | D:8      | Reached skill level 5 in Ranged Weapons
  9188 | D:8      | Reached skill level 5 in Throwing
  9188 | D:8      | Reached skill level 5 in Dodging
  9188 | D:8      | Reached skill level 5 in Stealth
  9188 | D:8      | Reached skill level 5 in Unarmed Combat
  9188 | D:8      | Reached skill level 5 in Spellcasting
  9188 | D:8      | Reached skill level 5 in Evocations
  9188 | D:8      | Reached XP level 10. HP: 81/81 MP: 17/17
  9341 | D:9      | Noticed a two-headed ogre
  9351 | D:9      | Killed a two-headed ogre
  9367 | D:9      | Slain by a shadow

Illustrated notes

Levels and vault maps discovered:
D:1:      dpeg_arrival_arbitrary_a, layout_basic
D:2:      layout_loops_ring, minmay_misc_feat_room, corner_web_ring
D:3:      layout_rooms, mainiacjoe_overflow_catwalk,
          mainiacjoe_overflow_catwalk_spiral, nicolae_ecumenical_lake_church
D:4:      layout_rooms, grunt_temple_overflow_forces_of_nature,
          cheibrodos_sewer_entry_bend
D:5:      layout_loops_corners, temple_green
D:6:      layout_loops_ring, uniq_edmund
D:7:      layout_loops_ring
D:8:      layout_basic, dreamdust_divine_triumvirate, marbit_many_paths,
          uniq_maggie
D:9:      layout_long_grid, minmay_misc_feat_roman, grunt_ministairs_10,
          onia_ninara_cookie
Temple:   hellmonk_temple_flake

Skill      XL: |  1  2  3  4  5  6  7  8  9 10 |
---------------+-------------------------------+-----
Invocations    | 1 2 3 4 5 |  5.7
Short Blades   | 1 2 3 5 |  5.2
Long Blades    | 1 2 3 5 |  5.2
Maces & Flails | 1 2 3 5 |  5.2
Polearms       | 1 2 3 5 |  5.2
Staves         | 1 2 3 5 |  5.2
Ranged Weapons | 1 2 3 5 |  5.2
Throwing       | 1 2 3 5 |  5.2
Dodging        | 1 2 3 5 |  5.2
Stealth        | 1 2 3 5 |  5.2
Unarmed Combat | 1 2 3 5 |  5.2
Spellcasting   | 1 2 3 5 |  5.2
Evocations     | 1 2 3 5 |  5.2
Conjurations   | 1 2 3 4 |  4.3
Hexes          | 1 2 3 4 |  4.3
Summonings     | 1 2 3 4 |  4.3
Necromancy     | 1 2 3 4 |  4.3
Translocations | 1 2 3 4 |  4.3
Transmutations | 1 2 3 4 |  4.3
Fire Magic     | 1 2 3 4 |  4.3
Ice Magic      | 1 2 3 4 |  4.3
Air Magic      | 1 2 3 4 |  4.3
Earth Magic    | 1 2 3 4 |  4.3
Poison Magic   | 1 2 3 4 |  4.3
Axes           | 5 6 7 |  7.0
Fighting       | 7 8 |  8.5
Armour         | 7 8 |  8.5
Shields        | 7 8 |  8.5

Action                     |  1- 3 |  4- 6 |  7- 9 | 10-12 || total
---------------------------+-------+-------+-------+-------++-------
  Melee: War axe           |    94 |   210 |   322 |       ||   626
         Bite              |     3 |    17 |    44 |     1 ||    65
         Broad axe         |       |       |    71 |    11 ||    82
  Throw: Throwing net      |       |       |     1 |       ||     1
  Evoke: Wand              |       |       |     4 |       ||     4
    Use: Potion            |       |     1 |    10 |     1 ||    12
         Scroll            |       |       |    20 |       ||    20
   Stab: Held in net/web   |       |       |     2 |       ||     2
         Distracted        |       |       |     1 |       ||     1
         Invisible         |       |       |       |     1 ||     1
 Armour: Scale mail        |    34 |   112 |    36 |       ||   182
         Chain mail        |       |       |   102 |     3 ||   105
         Skin              |       |       |    54 |       ||    54
  Dodge: Dodged            |    46 |    82 |   118 |     3 ||   249
  Block: Buckler           |    30 |    68 |   142 |       ||   240
         Reflection        |       |       |    14 |     2 ||    16
         Kite shield       |       |       |    73 |    21 ||    94

Table legend: (Time is in decaauts)
 A = Elapsed time spent in this place.
 B = Non-inter-level travel time spent in this place.
 C = Inter-level travel time spent in this place.
 D = Time resting spent in this place.
 E = Time spent auto-exploring this place.
 F = Levels seen in this place.
 G = Mean time per level.
                   A        B        C        D        E       F      G
               +--------+--------+--------+--------+--------+-----+--------+
         Total |   9742 |   9499 |    243 |   2242 |   5363 |  11 |  885.6 |
       Dungeon |   8038 |   7795 |    243 |   1626 |   4627 |   9 |  893.1 |
        Temple |    168 |    168 |      0 |      0 |    127 |   1 |  168.0 |
         Sewer |   1535 |   1535 |      0 |    616 |    608 |   1 | 1535.0 |
               +--------+--------+--------+--------+--------+-----+--------+

Top non-repeatable levels by time:
   Sewer: 1535 daAuts
     D:8: 1271 daAuts
     D:2: 1192 daAuts
     D:6: 1178 daAuts
     D:7: 1153 daAuts
     D:5: 996 daAuts
     D:1: 771 daAuts
     D:3: 757 daAuts
     D:4: 666 daAuts
  Temple: 168 daAuts
     D:9: 50 daAuts
